[Event "ICC tourney 2144 (45 10)"]
[Site "Internet Chess Club"]
[Date "2020.11.21"]
[Round "4"]
[White "funderdifflin"]
[Black "gauravgupta"]
[Result "0-1"]
[ICCResult "White resigns"]
[WhiteElo "813"]
[BlackElo "1114"]
[Opening "Old Benoni defense"]
[ECO "A43"]
[NIC "OI.09"]
[Time "19:31:25"]
[TimeControl "2700+10"]

1. d4 c5 2. c3 cxd4 3. cxd4 d5 4. Bf4 Nc6 5. Nf3 Nf6 6. Nbd2 Bf5 7. a3 e6 8.
e3 Nh5 9. Bg3 Nxg3 10. hxg3 h6 11. Be2 a6 12. Qb3 Qd7 13. Rc1 Bd6 14. Bd1
Rb8 15. Bc2 Bxc2 16. Rxc2 a5 17. Qd3 f5 18. Nb3 b6 19. Ke2 Kf7 20. Rhc1 Na7
21. Ne5+ Bxe5 22. dxe5 Rhc8 23. Nd4 Rxc2+ 24. Rxc2 b5 25. Rc5 a4 26. Qc2 Rb7
27. Qc3 g5 28. f4 Qd8 29. Qd3 Qb6 30. Qc2 b4 31. axb4 Qxb4 32. Rc7+ Kg6 33.
Rxb7 Qxb7 34. Nxe6 Qa6+ 35. Kf2 Qxe6 36. Qxa4 Qb6 37. b4 Nc6 38. b5 Na5 39.
Qb4 Nc4 40. Qb3 Qc5 41. Ke2 Kf7 42. Kf2 Ke6 43. Ke2 Ke7 44. Kf2 d4 45. exd4
Qxd4+ 46. Ke2 Qd2+ 47. Kf1 Ne3+ {White resigns} 0-1

[Event "ICC tourney 2144 (45 10)"]
[Site "Internet Chess Club"]
[Date "2020.11.21"]
[Round "5"]
[White "Gambold"]
[Black "alg142"]
[Result "0-1"]
[ICCResult "White resigns"]
[WhiteElo "1036"]
[BlackElo "720"]
[Opening "Sicilian: Grand Prix attack"]
[ECO "B23"]
[NIC "SI.44"]
[Time "22:03:20"]
[TimeControl "2700+10"]

1. e4 c5 2. Nc3 Nc6 3. f4 e6 4. Nf3 d5 5. exd5 exd5 6. Bb5 Nf6 7. d3 a6 8.
Bxc6+ bxc6 9. O-O Be7 10. Ne5 Bb7 11. Qe1 O-O 12. h3 Re8 13. Kh1 Bd6 14. b3
Nd7 15. Qg3 Nxe5 16. fxe5 Bxe5 17. Bf4 Bxc3 18. Rad1 Rc8 19. Rf3 Re6 20. Bh6
Rxh6 {White resigns} 0-1

[Event "ICC tourney 2144 (45 10)"]
[Site "Internet Chess Club"]
[Date "2020.11.21"]
[Round "5"]
[White "lscorpii"]
[Black "nalan"]
[Result "1-0"]
[ICCResult "Black checkmated"]
[WhiteElo "1278"]
[BlackElo "789"]
[Opening "Queen's pawn, Mason variation"]
[ECO "D00"]
[NIC "QP.08"]
[Time "22:03:22"]
[TimeControl "2700+10"]

1. d4 d5 2. Bf4 Nc6 3. e3 Nf6 4. c4 Bf5 5. Nc3 e6 6. Nf3 Bb4 7. Qb3 Qd7 8.
Be2 O-O-O 9. O-O Ne4 10. Nb5 a6 11. Nxc7 e5 12. Nxd5 exf4 13. Nb6+ Kc7 14.
Nxd7 Rxd7 15. d5 Ne7 16. Qxb4 Ng6 17. exf4 Nxf4 18. Rfe1 Rd6 19. g3 Nh3+ 20.
Kg2 Rb6 21. Qe7+ Kb8 22. Bd3 Kc8 23. Bxe4 Bxe4 24. Rxe4 f5 25. Rf4 Nxf4+ 26.
gxf4 Rc6 27. dxc6 bxc6 28. Rd1 c5 29. Rd7 Rd8 30. Qxd8# {Black checkmated}
1-0

[Event "ICC tourney 2144 (45 10)"]
[Site "Internet Chess Club"]
[Date "2020.11.21"]
[Round "5"]
[White "L3monT"]
[Black "funderdifflin"]
[Result "1-0"]
[ICCResult "Black resigns"]
[WhiteElo "772"]
[BlackElo "804"]
[Opening "QGD Slav defense: exchange variation"]
[ECO "D10"]
[NIC "SL.01"]
[Time "22:03:20"]
[TimeControl "2700+10"]

1. d4 d5 2. c4 c6 3. cxd5 cxd5 4. Nc3 Nf6 5. e3 Nc6 6. Nf3 Bf5 7. Bd3 Bxd3
8. Qxd3 e6 9. a3 a6 10. O-O Bd6 11. e4 dxe4 12. Nxe4 Nxe4 13. Qxe4 O-O 14.
Bf4 Bxf4 15. Qxf4 Qb6 16. b4 Rad8 17. Rad1 h6 18. h4 Rd7 19. Rd2 Rfd8 20.
Rfd1 Rd5 21. Ne5 Nxe5 22. dxe5 Qb5 23. Rxd5 Rxd5 24. Rc1 Qd7 25. Qc4 Rd1+
26. Rxd1 Qxd1+ 27. Kh2 Qd7 28. f4 Kf8 29. Qc5+ Qe7 30. Qc8+ Qe8 31. Qxb7 Qa4
32. Qc8+ Ke7 33. Qc7+ Ke8 34. Qb8+ Ke7 35. Qh8 Qxa3 36. Qxg7 Qxb4 37. Qf6+
Ke8 38. Qxh6 a5 39. h5 a4 40. Qh8+ Ke7 41. Qf6+ Ke8 42. h6 a3 43. h7 a2 44.
h8=Q+ Kd7 45. Qhd8+ Kc6 46. Qc8+ Kd5 47. Qa8+ {Black resigns} 1-0

[Event "ICC tourney 2144 (45 10)"]
[Site "Internet Chess Club"]
[Date "2020.11.21"]
[Round "5"]
[White "miyzhang"]
[Black "nb12"]
[Result "1-0"]
[ICCResult "Black resigns"]
[WhiteElo "1257"]
[BlackElo "1182"]
[Opening "Giuoco Piano"]
[ECO "C54"]
[NIC "IG.02"]
[Time "22:03:26"]
[TimeControl "2700+10"]

1. e4 e5 2. Nf3 Nc6 3. Bc4 Bc5 4. c3 Nf6 5. d3 d6 6. Bb3 Be6 7. Nbd2 O-O 8.
Nf1 Bxb3 9. axb3 h6 10. h3 Qd7 11. g4 d5 12. Qe2 dxe4 13. dxe4 Rad8 14. g5
hxg5 15. Bxg5 Qd3 16. Qxd3 Rxd3 17. Ke2 Rd6 18. b4 Bb6 19. Bxf6 Rxf6 20. b5
Ne7 21. Ng3 Ng6 22. Nf5 Re6 23. h4 Nf4+ 24. Kf1 g6 25. Ng3 Nd3 26. Rh2 Nxb2
27. h5 f5 28. h6 Kh7 29. Ng5+ Kh8 30. Nxe6 Re8 31. Ng5 Rd8 32. Nf7+
{Black resigns}
1-0

[Event "ICC tourney 2144 (45 10)"]
[Site "Internet Chess Club"]
[Date "2020.11.21"]
[Round "5"]
[White "StreetFood"]
[Black "notbhargav"]
[Result "1-0"]
[ICCResult "Black resigns"]
[WhiteElo "1315"]
[BlackElo "744"]
[Opening "Queen's pawn game, Darooha variation "]
[ECO "D02"]
[NIC "QP.08"]
[Time "22:03:18"]
[TimeControl "2700+10"]

1. d4 d5 2. Nf3 Nf6 3. g3 Nc6 4. Bg2 g6 5. O-O Bg7 6. b3 Bf5 7. Bb2 Nb4 8.
e4 Bxe4 9. Na3 O-O 10. Ne5 Bxg2 11. Kxg2 Nd7 12. c4 Nxe5 13. dxe5 e6 14. Nc2
Nxc2 15. Qxc2 c6 16. Rfd1 f6 17. cxd5 cxd5 18. exf6 Bxf6 19. Bxf6 Qxf6 20.
Qe2 Rae8 21. Rac1 Rf7 22. Rf1 Ref8 23. Rc5 Qf3+ 24. Qxf3 Rxf3 25. Rc7 R3f7
26. Rxf7 Rxf7 27. f4 Rc7 28. Rf2 Kf7 29. Kf3 h5 30. Ke3 Kf6 31. Kd4 Kf5 32.
h3 Rc6 33. Re2 b6 34. Re5+ Kf6 35. g4 hxg4 36. hxg4 Rc2 37. a3 Rf2 38. Ke3
Rf1 39. g5+ Kf7 40. b4 Ra1 41. Kd4 Rxa3 42. Re3 Rxe3 43. Kxe3 Ke7 44. Kd4
Kd6 45. b5 a5 46. bxa6 Kc7 47. Ke5 b5 48. Kxe6 b4 49. a7 Kb7 50. a8=Q+ Kxa8
51. f5 gxf5 52. g6 b3 53. g7 Ka7 54. g8=Q b2 55. Qg1+ Ka6 56. Qb1 f4 57.
Qxb2 f3 58. Kxd5 {Black resigns} 1-0

[Event "ICC tourney 2144 (45 10)"]
[Site "Internet Chess Club"]
[Date "2020.11.21"]
[Round "5"]
[White "Aashray"]
[Black "gauravgupta"]
[Result "1-0"]
[ICCResult "Black resigns"]
[WhiteElo "1144"]
[BlackElo "1063"]
[Opening "Sicilian: Alapin's variation (2.c3)"]
[ECO "B22"]
[NIC "SI.46"]
[Time "22:03:21"]
[TimeControl "2700+10"]

1. e4 c5 2. c3 e5 3. Nf3 d6 4. Bc4 Nc6 5. d4 cxd4 6. cxd4 Nxd4 7. Nxd4 exd4
8. Qxd4 Nf6 9. O-O h6 10. Nc3 Be7 11. f4 O-O 12. Qf2 Qc7 13. Bb3 Be6 14. Bc2
a6 15. h3 Rfd8 16. Be3 Rf8 17. Rac1 b5 18. Bd3 Qd8 19. Bb6 Qe8 20. Bd4 b4
21. Ne2 Bxa2 22. e5 dxe5 23. fxe5 Nd7 24. Nf4 Bg5 25. h4 Bxf4 26. Qxf4 f6
27. exf6 Nxf6 28. Rc7 Qe6 29. Qg3 Rf7 30. Rxf7 Kxf7 31. Qg6+ Kf8 32. Rxf6+
gxf6 33. Bc5+ Qe7 34. Bxe7+ Kxe7 35. Qe4+ Kd6 36. Qxa8 Bd5 37. Qxa6+ Kc5 38.
Qb5+ Kd4 39. Qxb4+ Kxd3 40. Qc3+ Ke4 41. b4 f5 42. b5 f4 43. Qf3+ Ke5 44.
Qh5+ Kd4 45. Qxh6 f3 46. gxf3 Bxf3 47. Qf4+ Be4 48. b6 Kd3 49. h5
{Black resigns}
1-0

[Event "ICC tourney 2144 (45 10)"]
[Site "Internet Chess Club"]
[Date "2020.11.21"]
[Round "5"]
[White "adokianos"]
[Black "VinaySridhar"]
[Result "0-1"]
[ICCResult "White checkmated"]
[WhiteElo "989"]
[BlackElo "1098"]
[Opening "Queen's pawn, Mason variation"]
[ECO "D00"]
[NIC "QP.08"]
[Time "22:03:25"]
[TimeControl "2700+10"]

1. d4 d5 2. Bf4 Nf6 3. e3 Bf5 4. c4 e6 5. Nc3 Nbd7 6. Nf3 Rc8 7. Qb3 b6 8.
Nb5 a6 9. Na7 Ra8 10. Nc6 Qc8 11. Qa4 Qb7 12. Nfe5 b5 13. cxb5 axb5 14. Qxb5
Qxb5 15. Bxb5 Bd6 16. Nxd7 Nxd7 17. Ne5 Rd8 18. Nxd7 Rxd7 19. Bxd7+ Kxd7 20.
Bxd6 Kxd6 21. Rc1 Rb8 22. b3 Ra8 23. Ra1 Bc2 24. O-O Bg6 25. Rfe1 Kc6 26.
Rec1+ Kb6 27. a4 Ra7 28. Rc5 f6 29. a5+ Kb7 30. b4 Be8 31. b5 h6 32. a6+ Kb6
33. Rac1 g5 34. h3 Bxb5 35. Rb1 c6 36. f3 Rxa6 37. e4 Ra4 38. exd5 exd5 39.
Rc2 Rxd4 40. Re2 Kc5 41. Re6 Rf4 42. Rc1+ Kd4 43. Kf2 h5 44. g3 Rf5 45. g4
hxg4 46. hxg4 Rf4 47. Rh1 c5 48. Rh6 f5 49. gxf5 Rxf5 50. Rhf6 Rxf6 51. Rxf6
c4 52. Rg6 c3 53. Rxg5 c2 54. Rg1 Kd3 55. f4 Kd2 56. f5 c1=Q 57. Rxc1 Kxc1
58. f6 Be8 59. Ke3 Kc2 60. Kd4 Bf7 61. Ke5 Kc3 62. Kd6 d4 63. Ke7 d3 64.
Kxf7 d2 65. Kg7 d1=Q 66. f7 Qg4+ 67. Kf8 Kd4 68. Ke7 Qe4+ 69. Kf6 Qf4+ 70.
Kg7 Qg5+ 71. Kf8 Kd5 72. Ke8 Qe5+ 73. Kf8 Ke6 74. Kg8 Qg5+ 75. Kf8 Qg6 76.
Ke8 Qxf7+ 77. Kd8 Qd7# {White checkmated} 0-1

[Event "ICC tourney 2144 (45 10)"]
[Site "Internet Chess Club"]
[Date "2020.11.21"]
[Round "5"]
[White "sudhaparthi"]
[Black "CobaltGame"]
[Result "0-1"]
[ICCResult "White checkmated"]
[WhiteElo "1082"]
[BlackElo "1259"]
[Opening "Giuoco Pianissimo"]
[ECO "C50"]
[NIC "IG.02"]
[Time "22:03:20"]
[TimeControl "2700+10"]

1. e4 e5 2. Nf3 Nc6 3. Bc4 Bc5 4. d3 h6 5. O-O Nf6 6. Nc3 O-O 7. Nd5 d6 8.
h3 Nxd5 9. Bxd5 Ne7 10. Bc4 Ng6 11. Be3 Bxe3 12. fxe3 Qe7 13. Qe2 Be6 14. b3
Bxc4 15. dxc4 Rad8 16. Rf2 Qd7 17. Rd1 Qc6 18. Qd3 Ra8 19. Qd5 Qxd5 20. exd5
a6 21. a4 Rfb8 22. Rdf1 b5 23. Nd2 f6 24. Rf3 bxa4 25. bxa4 Rb2 26. Rg3 Kf7
27. Rc1 Ra2 28. Rg4 Rxa4 29. g3 f5 30. Rf1 Ne7 31. e4 g6 32. Rh4 Kg7 33. g4
g5 34. Rh5 f4 35. h4 gxh4 36. Rxh4 Ra2 37. Rc1 a5 38. Nf3 a4 39. g5 hxg5 40.
Nxg5 Kf6 41. Nh7+ Kg7 42. Kf2 a3 43. Rg1+ Ng6 44. Rhg4 Rxc2+ 45. Kf3 Rc3+
46. Kf2 Kxh7 47. Rxg6 Rg3 48. R6xg3 fxg3+ 49. Kxg3 Rg8+ 50. Kf2 Rxg1 51.
Kxg1 a2 52. Kf2 a1=Q 53. Kf3 Qc3+ 54. Kg4 Qxc4 55. Kf5 Qd4 56. Ke6 Qxe4 57.
Kd7 Qxd5 58. Kxc7 Qe4 59. Kd7 d5 60. Ke6 d4 61. Kd6 d3 62. Kc5 Qd4+ 63. Kb5
d2 64. Kc6 d1=Q 65. Kb5 Q4d2 66. Kc4 Q1c1+ 67. Kb5 Qdb2+ 68. Ka4 Qca1#
{White checkmated}
0-1